 Dungeon Crawl Stone Soup version 0.17.1-1-g73c8601 (webtiles) character file.

494 fredomojojo the Shooter (level 7, -1/50 HPs)
             Began as a Formicid Arcane Marksman on Dec 15, 2015.
             Slain by Grinder (8 damage)
             ... on level 5 of the Dungeon on Dec 16, 2015.
             The game lasted 01:08:45 (3901 turns).

fredomojojo the Shooter (Formicid Arcane Marksman)  Turns: 3901, Time: 01:08:45

Health: -1/50      AC:  6    Str: 16    XL:     7   Next: 38%
Magic:  10/10      EV: 12    Int: 17    God:
Gold:   194        SH:  0    Dex: 12    Spells: 2 memorised, 7 levels left

rFire  . . .     SeeInvis +     F - +3 dagger
rCold  . . .     Clarity  .     G - +0 robe
rNeg   + . .     SustAt   .     (no shield)
rPois  .         Gourm    .     (helmet unavailable)
rElec  .         Spirit   .     x - +0 cloak
rCorr  .         Warding  .     g - +0 pair of gloves
rMut   .         Stasis   +     r - +1 pair of boots
MR     .....                    (no amulet)
Stlth  +.........               (no ring)
                                f - ring of positive energy

@: brilliant, not resistant to hostile enchantments, very unstealthy
A: permanent stasis, dig shafts and tunnels, four strong arms, antennae 3
a: Dig, Shaft Self


You were on level 5 of the Dungeon.
You were not hungry.

You visited 1 branch of the dungeon, and saw 5 of its levels.

You collected 194 gold pieces.

Inventory:

Hand Weapons
 a - a +0 shortbow
 i - a +0 short sword
 u - a +0 dagger of venom
 F - a +3 dagger (weapon)
Missiles
 d - 38 arrows
 z - 10 arrows of flame
Armour
 g - a +0 pair of gloves (worn)
 r - a +1 pair of boots (worn)
 t - a +0 robe
 x - a +0 cloak (worn)
 G - a +0 robe (worn)
Jewellery
 f - a ring of positive energy (left hand)
Scrolls
 b - a scroll of recharging
 e - a scroll of blinking {unknown}
 h - 5 scrolls of identify
 k - 4 scrolls of magic mapping
 m - a scroll of teleportation
 o - a scroll of fear {unknown}
 p - a scroll of immolation {unknown}
 s - a scroll of enchant weapon {unknown}
 w - a scroll of fog {unknown}
 y - a scroll of noise {unknown}
 C - a scroll of enchant armour {unknown}
Potions
 j - 2 potions of invisibility
 l - a potion of might
 n - a potion of cure mutation
 D - a potion of cancellation {unknown}
Books
 c - a book of Debilitation

   Spells                             Type                      Level
   a - Corona                         Hexes                        1
   b - Slow                           Hexes                        2
   c - Gell's Gravitas                Hexes/Translocation          3
   d - Inner Flame                    Hexes/Fire                   3
   e - Cause Fear                     Hexes                        4
   f - Leda's Liquefaction            Hexes/Earth                  4
Comestibles
 q - 2 meat rations
 A - 2 bread rations


   Skills:
 + Level 2.2 Fighting
 + Level 0.4 Short Blades
 + Level 5.0 Bows
 + Level 2.7 Dodging
 + Level 0.3 Stealth
 + Level 2.2 Spellcasting
 + Level 4.4 Hexes


You had 7 spell levels left.
You knew the following spells:

 Your Spells              Type           Power        Failure   Level  Hunger
a - Corona                Hex            ####...      1%          1    #......
b - Slow                  Hex            ####....     1%          2    ###....


Dungeon Overview and Level Annotations

Branches:
Dungeon (5/15)
 Temple: D:4-7

Altars:
Dithmenos

Annotations:
D:2 Terence
D:4 asdu's ghost, weakling OpIE
D:5 Grinder


Innate Abilities, Weirdness & Mutations

You are under a permanent stasis effect.
You can dig through walls and to a lower floor.
Your four strong arms can wield two-handed weapons with a shield.
You have a pair of large antennae on your head (SInv).


Message History

Grinder is severely wounded.
Grinder hits you.
* * * LOW HITPOINT WARNING * * *
As you read the scroll labeled QODIRCH JALIYJA, it crumbles to dust.
You feel a strange sense of stasis.
It was a scroll of teleportation.
Grinder hits you but does no damage.
Drink which item? (? for menu, Esc to quit)
You feel clever all of a sudden.
Grinder is no longer moving slowly.
You closely miss Grinder.
Grinder is severely wounded.
Grinder hits you.
* * * LOW HITPOINT WARNING * * *
You hit Grinder but do no damage.
Grinder is severely wounded.
Grinder gestures at you. You resist with some effort.
Drink which item? (? for menu, Esc to quit)
It was a potion of magic.
Magic courses through your body. Grinder hits you!
You die...

.. ...##....##
##.#.........#
##...###.....######
##....#
###........#
.......##
###.....##
#......### #..####
#...###.##
##....(.#
##@5..(####
###.........#
#<............
#........###....###
###....### #....#
#...## .....# #...
......# #....
..#... ...... ...


You could see Grinder.

Vanquished Creatures
  A phantom (D:4)
  An ogre (D:4)
  A giant frog (D:4)
  An orc priest (D:4)
  A worker ant (D:4)
  An orc wizard (D:4)
  A hound skeleton (D:4)
  5 adders
  4 worms
  2 giant geckos
  16 orcs
  8 bats
  A giant cockroach (D:1)
  11 goblins
  7 hobgoblins
  7 jackals
  7 kobolds
  A quokka (D:2)
  A ball python (D:2)
  5 giant newts
  8 rats
90 creatures vanquished.

Vanquished Creatures (others)
  A hobgoblin (D:1)
1 creature vanquished.

Grand Total: 91 creatures vanquished

Notes
Turn   | Place    | Note
--------------------------------------------------------------
     0 | D:1      | fredomojojo the Formicid Arcane Marksman began the quest for the Orb.
     0 | D:1      | Reached XP level 1. HP: 15/15 MP: 2/2
   146 | D:1      | Reached XP level 2. HP: 18/21 MP: 3/3
   358 | D:1      | Reached skill level 4 in Hexes
   488 | D:1      | Reached XP level 3. HP: 26/26 MP: 1/4
  1010 | D:2      | Noticed Terence
  1045 | D:1      | Learned a level 2 spell: Slow
  1236 | D:2      | Reached XP level 4. HP: 23/32 MP: 4/6
  2308 | D:3      | Reached XP level 5. HP: 35/37 MP: 5/7
  2857 | D:4      | Found a shadowy altar of Dithmenos.
  3034 | D:4      | Noticed an ogre
  3055 | D:4      | Killed an ogre
  3055 | D:4      | Reached XP level 6. HP: 42/44 MP: 7/9
  3098 | D:4      | Noticed a phantom
  3159 | D:4      | Killed a phantom
  3170 | D:4      | Noticed asdu's ghost (weakling OpIE)
  3482 | D:4      | Reached XP level 7. HP: 50/50 MP: 10/10
  3678 | D:5      | Entered Level 5 of the Dungeon
  3678 | D:5      | Noticed Grinder
  3790 | D:4      | Reached skill level 5 in Bows
  3901 | D:5      | Slain by Grinder

Action                   |  1- 3 |  4- 6 |  7- 9 || total
-------------------------+-------+-------+-------++-------
Melee: Dagger            |       |    43 |    39 ||    82
 Fire: Shortbow          |   117 |   136 |    20 ||   273
 Cast: Corona            |    18 |    14 |     1 ||    33
       Slow              |     1 |     5 |     1 ||     7
 Abil: Dig               |     7 |    18 |     1 ||    26
  Use: Scroll            |       |     7 |     1 ||     8
       Potion            |       |       |     2 ||     2
  Eat: Chunk             |     1 |     8 |       ||     9
       Bread ration      |     1 |       |       ||     1
       Meat ration       |       |     1 |       ||     1
